 Dungeon Crawl Stone Soup version 0.32-a0-932-g546787307d (webtiles) character file.

Game seed: 17470662351807335698

64267 Twinkles the Fighter (level 15, -7/113 HPs)
             Began as an Octopode Fire Elementalist on Apr 12, 2024.
             Was a High Priest of Vehumet.
             Mangled by an ogre mage
             ... wielding a +0 spear
              (14 damage)
             ... on level 11 of the Dungeon on Apr 13, 2024.
             The game lasted 03:15:25 (32020 turns).

Twinkles the Fighter (Octopode Fire Elementalist)  Turns: 32020, Time: 03:15:26

Health: -7/113     AC:  2    Str:  8    XL:     15   Next: 12%
Magic:  3/31       EV: 17    Int: 33    God:    Vehumet [*****.]
Gold:   677        SH:  8    Dex: 13    Spells: 1/39 levels left

rFire   . . .        a - staff of alchemy
rCold   + . .        I - +0 buckler
rNeg    + . .        u - +1 hat {Int+3}
rPois   +            o - amulet of reflection
rElec   .            z - ring of willpower
rCorr   .            g - +6 ring of intelligence
SInv    .            h - ring of protection from cold
Will    ++...        s - ring of positive energy
Stlth   ++++         (no ring)
HPRegen 0.38/turn    (no ring)
MPRegen 0.22/turn    (no ring)
                     (no ring)

%: reflection
@: studying Stealth
A: almost no armour, amphibious, 8 rings, camouflage 1, gelatinous body 1,
(nimble swimmer 1), tentacles
a: Renounce Religion


You were on level 11 of the Dungeon.
You worshipped Vehumet.
Vehumet was extremely pleased with you.
You visited 3 branches of the dungeon, and saw 19 of its levels.
You also visited: Sewer.

You collected 1018 gold pieces.
You spent 341 gold pieces at shops.

Inventory:

Hand Weapons
 c - the +8 sling "Isosafec" {freeze, rElec Str+7 Dex-3}
   (You bought it in a shop on level 6 of the Dungeon)

   Str+7:     It affects your strength (+7).
   Dex-3:     It affects your dexterity (-3).
   rElec:     It insulates you from electricity.
Missiles
 m - 12 boomerangs
 w - a throwing net
 L - 34 poisoned darts
Armour
 e - a +2 hat
 u - a +1 hat of intelligence (worn)
 I - a +0 buckler (worn)
Magical Staves
 a - a staff of alchemy (weapon)
 b - a staff of fire
Jewellery
 g - a +6 ring of intelligence (right tentacle)
 h - a ring of protection from cold (on tentacle)
 o - an amulet of reflection (around mantle)
 s - a ring of positive energy (on tentacle)
 z - a ring of willpower (left tentacle)
Wands
 i - a wand of iceblast (14)
 p - a wand of paralysis (12)
 q - a wand of flame (29)
 y - a wand of mindburst (30)
Scrolls
 d - a scroll of enchant weapon
 f - 2 scrolls of noise
 j - a scroll of acquirement
 n - a scroll of torment
 r - 5 scrolls of amnesia
 t - 4 scrolls of revelation
 v - a scroll of poison
 x - 2 scrolls of butterflies
 D - 2 scrolls of blinking
 E - a scroll of fear
 K - 3 scrolls of immolation
 V - 3 scrolls of vulnerability
 Y - 5 scrolls of teleportation
Potions
 l - 3 potions of enlightenment
 A - a potion of attraction
 B - a potion of brilliance
 C - a potion of cancellation
 G - 2 potions of ambrosia
 H - a potion of haste
 J - 2 potions of curing
 M - 4 potions of might
 P - a potion of lignification
 Q - 4 potions of magic
 R - 3 potions of resistance
 T - a potion of berserk rage
 U - a potion of mutation


   Skills:
 + Level 14.3 Fighting
 + Level 12.7 Dodging
 - Level 6.0 Stealth
 + Level 12.5 Spellcasting
 - Level 6.2 Conjurations
 - Level 8.2 Fire Magic
 + Level 2.7 Air Magic
 - Level 5.0 Earth Magic
 - Level 5.5 Alchemy


You had one spell level left.
You knew the following spells:

 Your Spells              Type           Power      Damage    Failure   Level
a - Passwall              Erth           52%        N/A       1%          3
b - Plasma Beam           Fire/Air       27%        2x1d39    16%         6
f - Foxfire               Conj/Fire      100%       2x1d9     1%          1
i - Ignite Poison         Fire/Alch      78%        N/A       1%          4
l - Lee's Rapid Deconstr  Erth           26%        3d14*     3%          5
m - Mephitic Cloud        Conj/Alch/Air  68%        N/A       1%          3
o - Olgreb's Toxic Radia  Alch           72%        N/A       1%          4
p - Fulminant Prism       Conj/Alch      37%        3d17      1%          4
r - Searing Ray           Conj           100%       2d8       1%          2
s - Scorch                Fire           100%       2d9       1%          2
w - Flame Wave            Conj/Fire      62%        2d14      1%          4

Your spell library contained the following spells:

 Spells                   Type           Power      Damage    Failure   Level
 Dazzling Flash           Conj/Hex       82%        N/A       1%          3
 Inner Flame              Hex/Fire       47%        N/A       1%          3
 Volatile Blastmotes      Fire/Tloc      94%        2d17      1%          3
 Bombard                  Conj/Erth      27%        9d5       16%         6
 Summon Lightning Spire   Summ/Air       29%        N/A       21%         4
 Vhi's Electric Charge    Tloc/Air       58%        N/A       21%         4
 Silence                  Hex/Air        14%        N/A       50%         5
 Curse of Agony           Necr           20%        N/A       69%         5
 Chain Lightning          Conj/Air       25%        3d33      100%        9
 Fire Storm               Conj/Fire      31%        8d8       100%        9
 Shatter                  Erth           26%        3d22*     100%        9
 Animate Armour           Summ/Erth      Unusable   N/A       N/A         4

Dungeon Overview and Level Annotations

Branches:
Dungeon (13/15) Zot: 26163  Temple (1/1) D:5 Zot: 5966    Lair (5/5) D:9 Zot: 16152
 Shoals (0/4) Lair:3       Spider (0/4) Lair:2        Slime (0/5) Lair:5
  Sewer (visited)
    Orc: D:9-12      Vaults: D:13-14

Altars:
Ashenzari
Cheibriados
Dithmenos
Elyvilon
Fedhas
Gozag
Hepliaklqana
Kikubaaqudgha
Makhleb
Nemelex Xobeh
Okawaru
Qazlal
Ru
Sif Muna
Trog
Uskayaw
Vehumet
Wu Jian
Xom
Yredelemnul
Zin
The Shining One
Beogh
Jiyva

Shops:
D:1 :   D:6 ((*(?   D:7 *

Annotations:
D:5 3 runed translucent doors, exclusion: door, Dowan; Hsik's ghost, amateur BaWr
D:6 exclusions: orc, orc warrior and wraith, Eustachio; Maggie
D:8 Maurice
D:9 Harold
D:10 exclusion: 2 downstairs
Temple 2 transporters


Innate Abilities, Weirdness & Mutations

You cannot wear most types of armour.
You are amphibious.
You can wear up to eight rings at the same time.
Your skin changes colour to match your surroundings (Stealth+).
Your rubbery body absorbs attacks. (AC +1, EV +1)
((You are camouflaged when in or above water. (Stealth+)))
You have tentacles for arms and can constrict up to eight enemies at once.


Message History

Casting: Lee's Rapid Deconstruction (dangerous; 3% risk of failure)
Confirm with . or Enter, or press ? or * to list all spells.
Okay, then.
Unknown command.
Casting: Lee's Rapid Deconstruction (dangerous; 3% risk of failure)
Confirm with . or Enter, or press ? or * to list all spells.
Okay, then.
Unknown command.
You hit the efreet.
You squeeze the efreet, but do no damage.
The efreet is almost dead.
The efreet gestures at you.
The fireball explodes!
The fireball engulfs you!!
* * * LOW HITPOINT WARNING * * *
The fireball engulfs the efreet.
The efreet completely resists.
You feel better.
The efreet hits you with a +6 rapier of venom.
* * * LOW HITPOINT WARNING * * *
Press: ? - help, v - describe, . - travel, g - get item
Here: an efreet, wielding a +6 rapier of venom and wearing a +0 robe (grey smoke, almost dead)
Items here: a +0 giant spiked club; a +0 giant spiked club; a two-headed ogre corpse.
The floor.
Unknown command.
Casting: Lee's Rapid Deconstruction (dangerous; 3% risk of failure)
Confirm with . or Enter, or press ? or * to list all spells.
Okay, then.
Unknown command.
Casting: Lee's Rapid Deconstruction (dangerous; 3% risk of failure)
Confirm with . or Enter, or press ? or * to list all spells.
Aiming: Searing Ray (safe; 1% risk of failure)
Press: ? - help, Shift-Dir - straight line, f/p - efreet
Aim: an efreet, wielding a +6 rapier of venom and wearing a +0 robe (grey smoke, almost dead, 94% to hit)
The searing ray hits the efreet!
You kill the efreet!
Vehumet accepts your kill. (Press . to maintain the ray.)
An ogre mage comes into view. It is wielding a +0 spear.
The ogre mage attacks as it pursues you!
The ogre mage hits you from afar with a +0 spear!
You die...

#.# ?.? #.# # ![? #.#
#. #.# #.# #.# ##.##
#.####### .'. .†.
#........ #.## #○#
#.####### ... #§# # .
#.#
#.###'####§####'####
#.#
#.....@§O§§§§c.....K
#.#######
#####...§§§§........###
#........
.......§§§§......z.<..
#........
..........§§.........Y.
#..######
##########..###########
#..# #..#
#..############### #..#
#................. ...#
#.........>....... ....


You could see an ogre mage.

Vanquished Creatures
  Gastronok (D:10)
  Josephine (D:10)
  A rakshasa (D:11)
  5 hydras
  2 centaur warriors (D:11)
  Erica (D:11)
  A catoblepas (Lair:1)
  3 boulder beetles
  5 two-headed ogres
  3 death yaks
  Amaemon (Lair:2)
  3 skysharks (Lair:4)
  A skeletal warrior (D:11)
  2 lindwurms
  A large abomination (Lair:5)
  A manticore (D:11)
  2 ugly things (D:11)
  9 elephants
  A cyclops (D:11)
  A smoke demon (Lair:5)
  5 black mambas
  A gargoyle (D:12)
  An orange demon (Lair:2)
  A water nymph (Lair:3)
  10 cane toads
  3 rime drakes
  An efreet (D:11)
  A tengu conjurer (D:10)
  8 komodo dragons
  A troll (D:9)
  A merfolk (Lair:3)
  A hornet (D:9)
  6 dream sheep (Lair:4)
  37 blink frogs
  5 slime creatures
  2 ynoxinuls (Lair:5)
  A shadow (D:11)
  A centaur simulacrum (D:11)
  2 fire bats (Lair:1)
  50 yaks
  14 basilisks
  5 wyverns
  A golden eye (shapeshifter) (D:8)
  4 wraiths
  A steam dragon (D:7)
  Menkaure (D:6)
  5 vampire mosquitoes
  2 acid dragons
  18 water moccasins
  4 ice beasts
  A swamp drake (D:12)
  4 black bears
  2 orc warriors (D:11)
  2 laughing skulls (D:12)
  2 ogres
  4 boggarts (D:12)
  19 wolves
  7 centaurs
  A wolf (shapeshifter) (D:11)
  A phantom (D:5)
  2 kobold brigands
  A brain worm (Sewer)
  A gnoll sergeant (D:11)
  3 scorpions
  8 bullfrogs
  5 small abominations
  13 wights
  40 killer bees
  7 electric eels
  5 howler monkeys
  A bombardier beetle (D:6)
  A hound (D:4)
  A jelly (D:6)
  3 orc priests
  2 sleepcaps
  Terence (D:3)
  6 hell rats (Lair:2)
  3 iguanas
  8 orc wizards
  A mummy (D:5)
  8 gnolls
  4 adders
  4 river rats (Sewer)
  4 ufetubi
  4 ribbon worms
  A dart slug (D:2)
  46 orcs
  5 endoplasms
  10 giant cockroaches
  9 goblins
  4 hobgoblins
  2 jackals (Sewer)
  9 quokkas
  11 ball pythons
  18 bats
  4 frilled lizards
  21 kobolds
  7 rats
  A butterfly (Lair:5)
565 creatures vanquished.

Vanquished Creatures (collateral kills)
  3 foxfires
3 creatures vanquished.

Vanquished Creatures (others)
  557 foxfires
  30 fulminant prisms
587 creatures vanquished.

Grand Total: 1155 creatures vanquished

Notes
Turn   | Place    | Note
-------+----------+-------------------------------------------
     0 | D:1      | Twinkles the Octopode Fire Elementalist began the quest for
                  | the Orb.
     0 | D:1      | Reached XP level 1. HP: 11/11 MP: 3/3
   236 | D:1      | Reached XP level 2. HP: 17/17 MP: 3/5
   444 | D:1      | Found Kiegh's Vocational Training.
   871 | D:2      | Reached XP level 3. HP: 22/22 MP: 4/6
   970 | D:2      | Reached skill level 1 in Fighting
  1015 | D:2      | You fall into a shaft and drop 1 floor!
  1268 | D:3      | Noticed Terence
  1508 | D:2      | Reached XP level 4. HP: 28/28 MP: 5/7
  2657 | D:3      | Learned a level 2 spell: Scorch
  2917 | D:3      | HP: 8/29 [Terence/+0 trident (10)]
  2923 | D:3      | HP: 10/29 [Terence/+0 trident (8)]
  2924 | D:3      | Killed Terence
  2925 | D:3      | Reached XP level 5. HP: 12/34 MP: 0/9
  3062 | D:3      | Reached skill level 2 in Fighting
  3273 | D:4      | Noticed an ogre
  3632 | D:4      | Reached XP level 6. HP: 41/41 MP: 8/10
  3884 | D:5      | Entered Level 5 of the Dungeon
  3907 | D:5      | Reached skill level 3 in Fighting
  3908 | D:5      | Found a glowing drain.
  3927 | Sewer    | Entered a sewer
  4419 | Sewer    | Reached XP level 7. HP: 46/46 MP: 8/12
  4773 | D:5      | Found a runed translucent gate.
  4812 | D:5      | Reached skill level 5 in Fire Magic
  4895 | D:5      | Found a staircase to the Ecumenical Temple.
  4904 | Temple   | Found a transporter.
  4904 | Temple   | Found a transporter.
  4904 | Temple   | Found a transporter.
  4904 | Temple   | Found a transporter.
  4904 | Temple   | Entered the Ecumenical Temple
  4924 | Temple   | Became a worshipper of Vehumet
  4987 | D:5      | Reached skill level 4 in Fighting
  5361 | D:5      | Found a blossoming altar of Fedhas.
  5400 | D:5      | HP: 11/48 [orc priest/+4 mace (8)]
  5635 | D:5      | Reached XP level 8. HP: 53/54 MP: 9/14
  5806 | D:5      | Noticed Dowan
  6091 | D:5      | Found a runed translucent gate.
  6092 | D:5      | Found a runed translucent gate.
  6092 | D:5      | Identified the +0 plate armour "Buijil" {rF- Int+5 Dex+3}
  6094 | D:5      | Noticed Hsik's ghost (amateur BaWr)
  6098 | D:5      | Identified the +2 dagger of Uncertain Death {freeze, rC+
                  | Will+ Dex+4}
  6098 | D:5      | Identified the +3 chain mail "Ynagauhe" {rElec rF+ Regen+
                  | Dex+3}
  6103 | D:5      | Found a roughly hewn altar of Beogh.
  6367 | D:6      | Reached skill level 5 in Fighting
  6367 | D:6      | Reached skill level 5 in Spellcasting
  6434 | D:6      | Found Qaytsa's Antique Weapon Shoppe.
  6434 | D:6      | Noticed Menkaure
  6439 | D:6      | Killed Menkaure
  6585 | D:6      | Reached * piety under Vehumet
  6585 | D:6      | Offered knowledge of Kiss of Death by Vehumet.
  6662 | D:6      | Found Siati's General Store.
  6662 | D:6      | Noticed Eustachio
  7046 | D:6      | Noticed a wraith
  7131 | D:6      | Reached XP level 9. HP: 61/61 MP: 14/17
  7157 | D:6      | Noticed Maggie
  7174 | D:6      | Found Fostrizuck's Weapon Emporium.
  7199 | D:6      | Found Upraogus's Magic Scroll Boutique.
  7286 | D:6      | Found Seunac's Weapon Shop.
  7659 | D:6      | Bought a crystal sling for 149 gold pieces
  7659 | D:6      | Identified the +8 sling "Isosafec" {freeze, rElec Str+7
                  | Dex-3} (You bought it in a shop on level 6 of the Dungeon)
  7786 | D:7      | HP: 21/62 [centaur/arrow (17)]
  7788 | D:7      | Reached skill level 6 in Fighting
  8085 | D:7      | Reached ** piety under Vehumet
  8086 | D:7      | HP: 14/62 [something/puff of flame (8)]
  8089 | D:7      | HP: 5/62 [poisoned by a water moccasin]
  8315 | D:7      | Offered knowledge of Momentum Strike by Vehumet.
  8637 | D:7      | Reached skill level 5 in Conjurations
  8662 | D:7      | Found Bowusa's Serpentskin Sales.
  8891 | D:8      | Found an iron altar of Okawaru.
  9012 | D:8      | Reached skill level 7 in Fighting
  9075 | D:7      | Reached XP level 10. HP: 60/71 MP: 12/19
  9435 | D:7      | Learned a level 4 spell: Flame Wave
  9894 | D:8      | Reached skill level 5 in Stealth
 10167 | D:8      | Offered knowledge of Searing Ray by Vehumet.
 10223 | D:8      | Learned a level 2 spell: Searing Ray
 10381 | D:8      | Reached skill level 8 in Fighting
 10545 | D:8      | Noticed Maurice
 10604 | D:9      | Identified the +7 plate armour of Integrity {+Inv rElec
                  | Str+7 Slay+3}
 10749 | D:9      | Noticed Harold
 10866 | D:9      | Reached *** piety under Vehumet
 10895 | D:9      | Found a staircase to the Lair.
 10911 | D:9      | Reached skill level 5 in Dodging
 11080 | D:9      | Offered knowledge of Olgreb's Toxic Radiance by Vehumet.
 11105 | D:9      | Learned a level 4 spell: Olgreb's Toxic Radiance
 11228 | D:9      | Reached XP level 11. HP: 76/78 MP: 15/21
 11482 | D:9      | Reached skill level 1 in Alchemy
 11551 | D:9      | Noticed a two-headed ogre
 11838 | D:10     | Entered Level 10 of the Dungeon
 12004 | D:10     | Reached skill level 9 in Fighting
 12747 | D:10     | Noticed Gastronok
 12768 | D:10     | Found an opulent altar of Gozag.
 12897 | Lair:1   | Entered Level 1 of the Lair of Beasts
 12902 | Lair:1   | Noticed a catoblepas
 12903 | Lair:1   | HP: 11/80 [cane toad (22)]
 12904 | D:9      | HP: 5/80 [poisoned by a cane toad]
 12905 | D:9      | HP: 1/80 [cane toad (9)]
 13246 | D:6      | Bought a scroll of fog for 48 gold pieces
 13246 | D:6      | Bought a scroll of fear for 48 gold pieces
 13317 | D:9      | Killed a two-headed ogre
 13404 | Lair:1   | HP: 23/80 [catoblepas (19)]
 14123 | Lair:1   | Reached **** piety under Vehumet
 14138 | Lair:1   | Offered knowledge of Ignite Poison by Vehumet.
 14205 | Lair:1   | Learned a level 4 spell: Ignite Poison
 14407 | Lair:1   | Killed a catoblepas
 14561 | Lair:1   | Reached skill level 10 in Fighting
 14561 | Lair:1   | Reached skill level 5 in Alchemy
 14566 | Lair:1   | Reached XP level 12. HP: 87/87 MP: 8/24
 14857 | Lair:1   | Found a blossoming altar of Fedhas.
 15751 | Lair:2   | Noticed a boulder beetle
 15756 | Lair:2   | Reached skill level 1 in Earth Magic
 16152 | Lair:2   | Noticed Amaemon
 16335 | Lair:2   | Killed a boulder beetle
 16434 | Lair:2   | Found a hole to the Spider Nest.
 16802 | Lair:2   | Killed Amaemon
 17848 | Lair:2   | Reached skill level 11 in Fighting
 18116 | Lair:3   | You fall into a shaft and drop 1 floor!
 18243 | Lair:4   | Reached XP level 13. HP: 54/95 MP: 17/26
 18590 | Lair:4   | Learned a level 3 spell: Passwall
 18596 | Lair:4   | Learned a level 5 spell: Lee's Rapid Deconstruction
 18795 | Lair:4   | Reached ***** piety under Vehumet
 18796 | Lair:4   | Reached skill level 5 in Earth Magic
 18933 | Lair:3   | Offered knowledge of Fulminant Prism by Vehumet.
 18934 | Lair:3   | Reached skill level 10 in Spellcasting
 18939 | Lair:3   | Learned a level 4 spell: Fulminant Prism
 19406 | Lair:3   | Reached skill level 10 in Dodging
 19560 | Lair:3   | Reached skill level 12 in Fighting
 20822 | Lair:3   | Found a staircase to the Shoals.
 21880 | Lair:5   | Entered Level 5 of the Lair of Beasts
 22570 | Lair:5   | Reached XP level 14. HP: 104/104 MP: 10/28
 23269 | Lair:4   | Reached skill level 13 in Fighting
 25745 | Lair:5   | Found a staircase to the Slime Pits.
 25745 | Lair:5   | Found a viscous altar of Jiyva.
 27209 | D:10     | Learned a level 3 spell: Mephitic Cloud
 27289 | D:10     | Killed Gastronok
 27464 | D:11     | Noticed Erica
 27467 | D:11     | Killed Erica
 27583 | D:11     | HP: 35/107 [centaur warrior/arrow (30)]
 27780 | D:11     | Upgraded the game from 0.32-a0-931-g5a2cda0630 to
                  | 0.32-a0-932-g546787307d
 28347 | D:11     | Noticed Josephine
 29141 | D:11     | Offered knowledge of Plasma Beam by Vehumet.
 29272 | D:10     | Killed Josephine
 29273 | D:10     | Reached skill level 14 in Fighting
 29587 | D:6      | Bought a scroll of fear for 48 gold pieces
 29587 | D:6      | Identified a scroll of acquirement
 29589 | D:6      | Bought a scroll of identify for 24 gold pieces
 29589 | D:6      | Bought a scroll of identify for 24 gold pieces
 29784 | D:10     | HP: 32/108 [battlesphere[a tengu conjurer] (16)]
 30033 | D:10     | HP: 37/108 [slime creature (19)]
 30306 | D:11     | HP: 37/108 [centaur warrior/arrow (12)]
 30469 | D:11     | Reached skill level 1 in Air Magic
 31618 | D:12     | Reached XP level 15. HP: 113/113 MP: 22/31
 31844 | D:12     | Learned a level 6 spell: Plasma Beam
 32005 | D:11     | HP: 33/113 [skeletal warrior/stone (11)]
 32013 | D:11     | HP: 21/113 [efreet/bolt of fire (13)]
 32016 | D:11     | HP: 1/113 [efreet/fireball (21)]
 32020 | D:11     | Mangled by an ogre mage

Illustrated notes

Levels and vault maps discovered:
D:1:      minmay_arrival_cross, layout_basic, nicolae_shop_vocational
D:2:      cheibrodos_pilgrimage, layout_basic
D:3:      layout_basic, kennysheep_potato, uniq_terence
D:4:      layout_cave_pools, minivault_27
D:5:      layout_gridville, mainiacjoe_overflow_chevrons,
          minmay_temple_entry_poolview, gup_ossuary_entry_pyramid,
          biasface_ghost_orc_armoury, gup_sewer_entry_pipe, uniq_duvessa
D:6:      layout_gridville, serial_shops, nicolae_shop_rolling_square, shop,
          shop, shop, nicolae_take_the_stairs, uniq_maggie, uniq_eustachio,
          uniq_menkaure
D:7:      layout_loops_ring, guppyfry_shop_venom
D:8:      layout_loops_ring, lemuel_tele_altar,
          serial_library_hellmonk_long_bookcase, minmay_manual_maat,
          uniq_maurice
D:9:      layout_basic, minmay_lair_entry_grove, uniq_harold
D:10:     layout_long_grid, kennysheep_mini, nicolae_hexahallways,
          uniq_gastronok
D:11:     minmay_the_grid_square_5x5_4x4_mashed [minmay_the_grid_square_5x5_c,
          minmay_the_grid_square_5x5_six, minmay_the_grid_square_5x5_shuriken,
          minmay_the_grid_square_5x5_v, minmay_the_grid_square_5x5_seven,
          minmay_the_grid_square_5x5_prize_snowflake,
          minmay_the_grid_square_5x5_prize_waves,
          minmay_the_grid_square_5x5_gyroscope,
          minmay_the_grid_square_5x5_minibox,
          minmay_the_grid_square_5x5_prize_pseudospiral,
          minmay_the_grid_square_5x5_prize_junk,
          minmay_the_grid_square_5x5_plus, minmay_the_grid_square_5x5_inner_i,
          minmay_the_grid_square_5x5_inner_v, minmay_the_grid_square_5x5_spiral,
          minmay_the_grid_square_5x5_two], layout_long_grid, david_orc_2,
          enter_trove_2, hangedman_decor_riveting, kennysheep_okawaru_gauntlet,
          uniq_josephine, uniq_erica
D:12:     layout_layer_cave, gauntlet_entry_generic, pond
D:13:     layout_basic, erik_vaults_1, serial_shops,
          nicolae_shop_just_a_little_nook, serial_aquarium,
          aquarium_bridge_island_small [aquarium_subvault_small_open,
          aquarium_subvault_wall, aquarium_subvault_bridge,
          aquarium_subvault_bridge, aquarium_subvault_balcony],
          aquarium_window_fake, aquarium_window_corridor_1, aquarium_window_2,
          aquarium_window_1, aquarium_view_2b, aquarium_balcony_3a,
          aquarium_pool_2, nicolae_qazlal_scattered_showers
Temple:   hellmonk_temple_divided_pantheon
Lair:1:   layout_gridlike, portal_ice_cave_entry_pillars_1, tgw_fedhas
Lair:2:   layout_loops_ring, spider_nest_entry_web_field, grunt_megastairs_3,
          uniq_amaemon
Lair:3:   layout_chaotic_city, nicolae_shoals_entry_flooding, grunt_megastairs_4
Lair:4:   wad_woods_minihive, layout_cave_pods
Lair:5:   hellmonk_lair_end_abyssal_woods, layout_regular_city,
          minmay_slime_entry_pillars, nicolae_lair_grazing_beasts
          [nicolae_sub_lair_graze_edge, nicolae_sub_lair_graze_edge,
          nicolae_sub_lair_graze_edge, nicolae_sub_lair_graze_edge],
          lemuel_fruit_fields

Skill      XL: |  1  2  3  4  5  6  7  8  9 10 11 12 13 14 15 |
---------------+----------------------------------------------+-----
Stealth        | 3 4 6 |  6.0
Fighting       | 1 2 3 4 5 7 8 10 11 12 14 | 14.3
Conjurations   | 2 3 5 6 |  6.2
Spellcasting   | 3 4 5 6 7 8 9 10 12 | 12.5
Fire Magic     | 4 5 6 7 8 |  8.2
Dodging        | 3 5 7 9 11 12 | 12.7
Alchemy        | 5 |  5.5
Earth Magic    | 4 5 |  5.0
Air Magic      | 1 2 |  2.7

Action                     |  1- 3 |  4- 6 |  7- 9 | 10-12 | 13-15 || total
---------------------------+-------+-------+-------+-------+-------++-------
  Melee: Unarmed           |    38 |       |       |       |       ||    38
         Tentacles         |     9 |     7 |    10 |    39 |    12 ||    77
         Constrict         |    15 |     8 |    10 |     3 |     9 ||    45
         Punch             |     1 |       |       |       |       ||     1
         Staff             |     2 |    26 |    26 |    90 |    41 ||   185
   Fire: Sling             |       |       |    24 |       |       ||    24
   Cast: Foxfire           |    27 |    95 |   104 |    87 |     7 ||   320
         Scorch            |       |    10 |    63 |    96 |    26 ||   195
         Flame Wave        |       |       |       |    29 |     9 ||    38
         Searing Ray       |       |       |       |     9 |     9 ||    18
         Olgreb's Toxic Ra |       |       |       |    60 |   146 ||   206
         Ignite Poison     |       |       |       |    30 |    92 ||   122
         Fulminant Prism   |       |       |       |       |    30 ||    30
         Lee's Rapid Decon |       |       |       |       |    99 ||    99
         Mephitic Cloud    |       |       |       |       |    27 ||    27
  Evoke: Wand              |       |       |       |     1 |     2 ||     3
    Use: Potion            |       |     1 |     2 |     1 |     3 ||     7
         Scroll            |       |     5 |     3 |     8 |    15 ||    31
   Stab: Sleeping          |     7 |     3 |     1 |       |       ||    11
 Armour: Skin              |    19 |     8 |    46 |    90 |   129 ||   292
  Dodge: Dodged            |    19 |    19 |    58 |    71 |   108 ||   275
  Block: Other             |       |       |    19 |    23 |    41 ||    83
         Reflection        |       |       |     1 |       |     8 ||     9
         Buckler           |       |       |       |       |    13 ||    13

Table legend: (Time is in decaauts)
 A = Elapsed time spent in this place.
 B = Non-inter-level travel time spent in this place.
 C = Inter-level travel time spent in this place.
 D = Time resting spent in this place.
 E = Time spent auto-exploring this place.
 F = Levels seen in this place.
 G = Mean time per level.
                   A        B        C        D        E       F      G
               +--------+--------+--------+--------+--------+-----+--------+
         Total |  32107 |  26826 |   5281 |   8552 |  12003 |  20 | 1605.3 |
       Dungeon |  17475 |  15092 |   2383 |   3451 |   8627 |  13 | 1344.2 |
        Temple |     33 |     22 |     11 |      0 |      0 |   1 |   33.0 |
          Lair |  13847 |  10960 |   2887 |   4999 |   3117 |   5 | 2769.4 |
         Sewer |    749 |    749 |      0 |    102 |    259 |   1 |  749.0 |
               +--------+--------+--------+--------+--------+-----+--------+

Top non-repeatable levels by time:
  Lair:4: 4196 daAuts
  Lair:1: 3177 daAuts
    D:10: 3077 daAuts
  Lair:5: 2499 daAuts
  Lair:3: 2335 daAuts
     D:7: 1741 daAuts
     D:9: 1722 daAuts
     D:8: 1666 daAuts
  Lair:2: 1640 daAuts
     D:5: 1589 daAuts
     D:6: 1416 daAuts
     D:3: 1252 daAuts
     D:2: 1221 daAuts
    D:12: 1013 daAuts
     D:4: 1005 daAuts
